 Dungeon Crawl Stone Soup version 0.23.2-30-g0e89c35649 (webtiles) character file.

Game seed: 10797903509286542814

106 Kobolds4U the Magician (level 4, -5/24 HPs)
             Began as a Deep Elf Conjurer on June 17, 2019.
             Slain by an ogre
             ... wielding a +0 giant club
              (29 damage)
             ... on level 3 of the Dungeon.
             The game lasted 00:06:27 (2401 turns).

Kobolds4U the Magician (Deep Elf Conjurer)          Turns: 2401, Time: 00:06:27

Health: -5/24      AC:  2    Str:  6    XL:     4   Next: 55%
Magic:  1/13       EV: 13    Int: 20    God:
Gold:   98         SH:  0    Dex: 15    Spells: 7/13 levels left

rFire    . . .     SeeInvis .   e - staff of death (curse)
rCold    . . .     Gourm    .   (no shield)
rNeg     + . .     Faith    .   a - +0 robe
rPois    .         Spirit   .   (no helmet)
rElec    .         Reflect  .   l - scarf {repulsion}
rCorr    .         Harm     .   (no gloves)
MR       .....                  (no boots)
Stlth    +++.......             p - amulet of inaccuracy (curse)
HPRegen  0.08/turn              (no ring)
MPRegen  0.13/turn              (no ring)

@: very slightly contaminated, repel missiles
A: no striking features
a: no special abilities


You were on level 3 of the Dungeon.
You were hungry.

You visited 1 branch of the dungeon, and saw 3 of its levels.

You collected 98 gold pieces.

Inventory:

Hand Weapons
 i - a +1 short sword
Missiles
 m - 49 arrows
Armour
 a - a +0 robe (worn)
 l - a scarf of repulsion (worn)
Magical Staves
 e - a cursed staff of death (weapon)
 o - an uncursed staff of earth
Jewellery
 j - an uncursed amulet of guardian spirit
 p - a cursed amulet of inaccuracy (around neck)
Scrolls
 b - a scroll of immolation
 d - 2 scrolls of fear
 g - a scroll of noise
 h - a scroll of teleportation
Potions
 f - 2 potions of curing
 k - 2 potions of resistance {unknown}
 n - 2 potions of brilliance {unknown}
Comestibles
 c - 4 rations


   Skills:
 - Level 2.4 Dodging
 - Level 4.6 Stealth
 + Level 5.2 Spellcasting
 - Level 4.3 Conjurations


You had 7 spell levels left.
You knew the following spells:

 Your Spells              Type           Power        Failure   Level  Hunger
a - Magic Dart            Conj           ###.         1%          1    None
b - Searing Ray           Conj           ###...       2%          2    None
c - Dazzling Spray        Conj/Hex       ##....       14%         3    ##.....

Your spell library contained the following spells:

 Spells                   Type           Power        Failure   Level  Hunger
 Iskenderun's Mystic Bla  Conj           ###.....     19%         4    ####...
 Force Lance              Conj/Tloc      ##......     41%         4    ####...
 Fulminant Prism          Conj/Hex       ##........   41%         4    ####...


Dungeon Overview and Level Annotations

Branches:
Dungeon (3/15)

Altars:


Message History

Press: ? - help, Shift-Dir - straight line, f/p - ogre
Aim: an ogre, wielding a +0 giant club (heavily wounded)
You miscast Dazzling Spray.
You are very lightly contaminated with residual magic.
Nothing appears to happen.
Casting: Dazzling Spray (safe; 14% risk of failure)
Confirm with . or Enter, or press ? or * to list all spells.
Aiming: Searing Ray (safe; 2% risk of failure)
Press: ? - help, Shift-Dir - straight line, f/p - ogre
Aim: an ogre, wielding a +0 giant club (heavily wounded)
The searing ray hits the ogre.
The ogre is heavily wounded. (Press . to maintain the ray.)
The ogre barely misses you.
The searing ray misses the ogre.
The searing ray hits the ogre!
The ogre is severely wounded.
The ogre hits you with a +0 giant club!!
Ouch! That really hurt!
You die...

....# ##.#
....#################..#
....##................#####
............#######^......#
.............# #.......#
.............# #.......#
.)...........# #.......#
.............######.......#
................@O........#
...........[.######.[.....#
............## #.......#
.....#>....## #.......#
#..#..###### ###.......#
##>.#.# #....###### ##.#.#
#.#### .#.# #. .. #.


You could see an ogre.

Vanquished Creatures
  5 adders
  2 dart slugs (D:2)
  A leopard gecko (D:3)
  3 orcs (D:2)
  4 giant cockroaches
  4 goblins
  7 hobgoblins
  3 jackals (D:1)
  7 kobolds
  A quokka (D:3)
  A ball python (D:1)
  5 bats
  4 frilled lizards
  8 rats
55 creatures vanquished.

Notes
Turn   | Place    | Note
-------+----------+-------------------------------------------
     0 | D:1      | Kobolds4U the Deep Elf Conjurer began the quest for the
                  | Orb.
     0 | D:1      | Reached XP level 1. HP: 10/10 MP: 6/6
   292 | D:1      | Reached XP level 2. HP: 15/15 MP: 6/8
   651 | D:1      | Learned a level 2 spell: Searing Ray
   815 | D:1      | Reached XP level 3. HP: 1/19 MP: 0/9
  1230 | D:2      | Learned a level 3 spell: Dazzling Spray
  1774 | D:2      | Reached skill level 4 in Spellcasting
  2023 | D:3      | Reached XP level 4. HP: 24/24 MP: 6/12
  2074 | D:3      | Reached skill level 5 in Spellcasting
  2386 | D:3      | Noticed an ogre
  2401 | D:3      | Slain by an ogre

Skill      XL: |  1  2  3  4 |
---------------+-------------+-----
Stealth        | 3 4 |  4.6
Spellcasting   | 4 5 |  5.2
Dodging        | |  2.4
Conjurations   | |  4.3

Action                   |  1- 3 |  4- 6 || total
-------------------------+-------+-------++-------
Melee: Short sword       |    11 |       ||    11
       Staff             |       |    33 ||    33
 Cast: Magic Dart        |    73 |    15 ||    88
       Searing Ray       |     3 |     1 ||     4
       Dazzling Spray    |       |     2 ||     2
  Use: Scroll            |     7 |       ||     7
       Potion            |     1 |       ||     1
 Stab: Sleeping          |     2 |       ||     2
  Eat: Chunk             |     3 |     1 ||     4
Armor: Robe              |     8 |    21 ||    29
Dodge: Dodged            |    31 |    36 ||    67
